 Dungeon Crawl Stone Soup version 0.31.0-12-g77e489cdc1 (webtiles) character file.

Game seed: 16710031034269600498

2392 Metae the Trooper (level 9, -1/79 HPs)
             Began as a Minotaur Fighter on Mar 4, 2024.
             Was a Follower of Makhleb.
             Killed from afar by Maurice (9 damage)
             ... with a bolt of acid
             ... on level 6 of the Dungeon.
             The game lasted 00:15:01 (5939 turns).

Metae the Trooper (Minotaur Fighter)                Turns: 5939, Time: 00:15:02

Health: -1/79      AC:  2    Str: 24    XL:     9   Next: 22%
Magic:  0/0        EV: 13    Int: 11    God:    Makhleb [*.....]
Gold:   0          SH:  6    Dex: 14    Spells: 8/8 levels left

rFire   . . .        g - +2 demon trident (freeze)
rCold   . . .        c - +0 buckler
rNeg    . . .        t - +0 ring mail of Servitude {rCorr MP-9 Dex+3}
rPois   .            (helmet restricted)
rElec   .            (no cloak)
rCorr   +            (no gloves)
SInv    .            (no boots)
Will    .....        (no amulet)
Stlth   +            l - +6 ring of intelligence
HPRegen 0.33/turn    C - ring of flight
MPRegen 0.07/turn

%: no passive effects
@: mighty, corroded, flying
A: horns 2, retaliatory headbutt
a: Renounce Religion


You were on level 6 of the Dungeon.
You worshipped Makhleb.
Makhleb was aware of your devotion.
You visited 2 branches of the dungeon, and saw 8 of its levels.

Inventory:

Hand Weapons
 g - a +2 demon trident of freezing (weapon)
Missiles
 q - 2 poisoned darts (quivered)
Armour
 b - a +0 chain mail
 c - a +0 buckler (worn)
 t - the +0 ring mail of Servitude (worn) {rCorr MP-9 Dex+3}
   (You found it on level 3 of the Dungeon)

   Dex+3:     It affects your dexterity (+3).
   MP-9:      It affects your magic capacity (-9).
   rCorr:     It protects you from acid and corrosion.
Jewellery
 l - a +6 ring of intelligence (left hand)
 C - a ring of flight (right hand)
Wands
 a - a wand of iceblast (5)
 x - a wand of flame (45)
 B - a wand of charming (2)
Scrolls
 f - 2 scrolls of brand weapon
 j - a scroll of fog
 k - a scroll of amnesia {unknown}
 m - 6 scrolls of teleportation
 n - a scroll of immolation
 s - a scroll of fear
 A - 2 scrolls of poison {unknown}
Potions
 e - a potion of attraction {unknown}
 h - 2 potions of curing {unknown}
 i - 5 potions of brilliance {unknown}
 o - 2 potions of berserk rage {unknown}
 p - a potion of heal wounds {unknown}
 r - a potion of lignification {unknown}
 u - a potion of resistance {unknown}
 v - a potion of haste {unknown}
 w - 3 potions of mutation {unknown}
 z - a potion of degeneration {unknown}


   Skills:
 + Level 7.5 Fighting
 + Level 6.8 Polearms
 + Level 7.5 Armour
 + Level 5.7 Dodging
 + Level 7.4 Shields
 + Level 2.2 Invocations


You had 8 spell levels left.
You didn't know any spells.
Your spell library contained the following spells:

 Spells                   Type           Power      Damage    Failure   Level
 Freeze                   Ice            0%         1d3       52%         1
 Magic Dart               Conj           0%         1d3       52%         1
 Blink                    Tloc           0%         N/A       67%         2
 Call Imp                 Summ           0%         N/A       67%         2
 Ensorcelled Hibernation  Hex/Ice        0%         N/A       67%         2
 Dazzling Flash           Conj/Hex       0%         N/A       88%         3
 Frozen Ramparts          Ice            0%         1d1       88%         3
 Fugue of the Fallen      Necr           0%         N/A       88%         3
 Hailstorm                Conj/Ice       0%         3d5       88%         3
 Mephitic Cloud           Conj/Alch/Air  0%         N/A       88%         3
 Ozocubu's Armour         Ice            0%         N/A       88%         3
 Passwall                 Erth           0%         N/A       88%         3
 Swiftness                Air            0%         N/A       88%         3
 Manifold Assault         Tloc           0%         N/A       99%         4
 Curse of Agony           Necr           0%         N/A       100%        5
 Silence                  Hex/Air        0%         N/A       100%        5


Dungeon Overview and Level Annotations

Branches:
Dungeon (7/15)             Temple (1/1) D:5

Altars:
Ashenzari
Cheibriados
Dithmenos
Elyvilon
Fedhas
Hepliaklqana
Kikubaaqudgha
Makhleb
Nemelex Xobeh
Qazlal
Ru
Trog
Uskayaw
Vehumet
Wu Jian
Yredelemnul
Zin
The Shining One

Annotations:
D:7 Maurice


Innate Abilities, Weirdness & Mutations

You have a pair of horns on your head.
You reflexively headbutt those who attack you in melee.


Message History

No target in view!
No target in view!
Unknown command.
No target in view!
You hear some strange, mumbled words.
You hear some strange, mumbled words.
No target in view!
No target in view!
You hear a zap.
A bolt of acid appears from out of thin air!
The bolt of acid hits you! You resist. The acid corrodes you!
Something hits you.
Something steals 17 of your 19 poisoned darts!
Something bites you! Something drains your magic. Something hits you!
Something steals 360 gold pieces!
You now have 0 gold pieces.
Something bites you. Something drains your magic. You block something's attack.
Something bites you! Something drains your magic. Something barely misses you.
Something bites you! Something drains your magic.
There is a stone staircase leading up here.
Something hits you.
* * * LOW HITPOINT WARNING * * *
Something groans, "What are you, a monk?"
Something barely misses you.
You fly upwards.
Reactivating autopickup.
There is a stone staircase leading down here.
Okay, then.
You feel very mighty all of a sudden. Something hits you.
* * * LOW HITPOINT WARNING * * *
Something mutters, "Now where did you hide it?"
Deactivating autopickup; reactivate with Ctrl-A.
Something bites you!
* * * LOW HITPOINT WARNING * * *
Something drains your magic.
You puncture something! You freeze something. Your headbutt misses something.
You hear a zap.
A bolt of acid appears from out of thin air!
The bolt of acid hits you! You resist.
You die...

##.### ####.### ##. ...#
##.)†...# ##.. #..#
####.###.#.####..# ##.# #....#
#........## #..#
#.##.###.#.####..# ...#
#.###......#####.. .#.#
#.######......###. .#.#
#.#...##.####.###. .#.#
#@..#..#.# #..... .#.# #.{###.#.#
#..### .#.# ##..#..#.# #..# #
.#.# #####...##.# #..# # .#.#
###.####.###.# #..# # .#.#
###..#.........####..# #
.#.#######...###..............# #
...........#..#.###.#########.# #
##.#######...#.####.........#.###


There were no monsters in sight!

Vanquished Creatures
  Grinder (D:4)
  Sigmund (D:3)
  Menkaure (D:4)
  A black bear (D:6)
  An orc warrior (D:6)
  An ice beast (D:4)
  An ogre (D:5)
  A phantom (D:6)
  3 bullfrogs
  6 scorpions
  A burial acolyte (D:6)
  An electric eel (D:6)
  3 orc priests
  2 hounds
  A bombardier beetle (D:5)
  A jelly (D:4)
  A sleepcap (D:5)
  Ijyb (D:5)
  5 iguanas
  8 orc wizards
  3 hound zombies (D:6)
  9 adders
  3 shadow imps
  2 ufetubi (D:6)
  A dart slug (D:3)
  30 orcs
  7 endoplasms
  5 giant cockroaches
  2 gnoll zombies (D:6)
  3 goblins
  6 hobgoblins
  9 jackals (D:4)
  8 ball pythons
  12 bats
  3 frilled lizards
  7 kobolds
  2 kobold zombies (D:6)
  4 rats
157 creatures vanquished.

Notes
Turn   | Place    | Note
-------+----------+-------------------------------------------
     0 | D:1      | Metae the Minotaur Fighter began the quest for the Orb.
     0 | D:1      | Reached XP level 1. HP: 19/19 MP: 0/0
   168 | D:1      | Reached XP level 2. HP: 27/27 MP: 1/1
   496 | D:1      | Reached skill level 1 in Dodging
   811 | D:2      | Reached XP level 3. HP: 30/33 MP: 2/2
   865 | D:2      | Found a faded altar of an unknown god.
  1142 | D:2      | Reached XP level 4. HP: 36/40 MP: 3/3
  1649 | D:3      | Noticed Sigmund
  1655 | D:3      | Killed Sigmund
  1656 | D:3      | Reached XP level 5. HP: 47/47 MP: 4/4
  1668 | D:3      | Identified the +0 ring mail of Servitude {rCorr MP-9 Dex+3}
  1726 | D:3      | Found a sparkling altar of Nemelex Xobeh.
  1995 | D:4      | Noticed Menkaure
  2000 | D:4      | Reached XP level 6. HP: 48/55 MP: 0/5
  2004 | D:4      | Killed Menkaure
  2005 | D:4      | Reached skill level 5 in Fighting
  2005 | D:4      | Reached skill level 5 in Armour
  2005 | D:4      | Reached skill level 5 in Shields
  2218 | D:4      | Noticed an ice beast
  2229 | D:4      | Killed an ice beast
  2230 | D:4      | Reached XP level 7. HP: 61/61 MP: 0/6
  2243 | D:4      | Noticed Grinder
  2270 | D:4      | Paralysed by Grinder for 2 turns
  2273 | D:4      | Killed Grinder
  2274 | D:4      | Reached skill level 5 in Polearms
  2975 | D:4      | Reached XP level 8. HP: 51/70 MP: 0/7
  3132 | D:4      | Found a basalt altar of Yredelemnul.
  3248 | D:5      | Entered Level 5 of the Dungeon
  3292 | D:5      | Noticed Ijyb
  3305 | D:5      | Killed Ijyb
  4063 | D:5      | Found a staircase to the Ecumenical Temple.
  4076 | D:5      | Identified the +7 war axe of Ointment {heavy, rPois Stlth+}
  4116 | D:5      | Identified a scroll of acquirement
  4122 | D:5      | Acquired a +2 demon trident of freezing
  4135 | Temple   | Entered the Ecumenical Temple
  4285 | Temple   | Became a worshipper of Makhleb the Destroyer
  4504 | D:5      | Reached skill level 5 in Dodging
  4659 | D:6      | Found an ancient bone altar of Kikubaaqudgha.
  4737 | D:6      | Reached skill level 1 in Invocations
  5010 | D:6      | Reached XP level 9. HP: 40/79 MP: 0/9
  5016 | D:6      | Reached * piety under Makhleb
  5396 | D:6      | Found a hide-covered altar of Uskayaw.
  5559 | D:6      | Found a white marble altar of Elyvilon.
  5903 | D:7      | Noticed Maurice
  5912 | D:7      | Maurice stole the +7 war axe of Ointment {heavy, rPois
                  | Stlth+}
  5932 | D:7      | Something stole 19 poisoned darts
  5933 | D:7      | Something stole 360 gold
  5939 | D:6      | Killed from afar by Maurice

Illustrated notes

Levels and vault maps discovered:
D:1:      minmay_arrival_pointy, layout_loops_ring
D:2:      layout_basic, hellmonk_ecumenical_altar_leap_of_faith
D:3:      layout_rooms, mainiacjoe_overflow_alcove_4, uniq_sigmund
D:4:      layout_basic, yredelemnul_altar_generic, roderic_batcave,
          kennysheep_generic_room_14, uniq_grinder, uniq_menkaure
D:5:      layout_gridville, minmay_temple_entry_offerings,
          chequers_serial_rivers_room_a, uniq_ijyb
D:6:      layout_loops_ring, nicolae_elyvilon_temple_path,
          nicolae_uskayaw_murder_on_the_dancefloor,
          regret_index_kikubaaqudgha_part_by_part
D:7:      layout_gridville, uniq_joseph, uniq_maurice
Temple:   hellmonk_temple_forest_ring

Skill      XL: |  1  2  3  4  5  6  7  8  9 |
---------------+----------------------------+-----
Dodging        | 1 2 3 4 5 |  5.7
Fighting       | 4 5 6 7 |  7.5
Armour         | 4 5 6 7 |  7.5
Shields        | 4 5 6 7 |  7.4
Polearms       | 3 4 5 6 |  6.8
Invocations    | 1 2 |  2.2

Action                     |  1- 3 |  4- 6 |  7- 9 || total
---------------------------+-------+-------+-------++-------
  Melee: Trident           |    57 |    78 |   195 ||   330
         Headbutt          |     6 |     8 |    50 ||    64
         Demon trident     |       |       |   105 ||   105
    Use: Scroll            |       |       |     7 ||     7
         Potion            |       |       |     1 ||     1
 Armour: Scale mail        |    13 |    17 |       ||    30
         Ring mail         |       |    12 |   169 ||   181
  Dodge: Dodged            |    17 |    29 |   154 ||   200
  Block: Buckler           |     9 |     9 |    55 ||    73
